 Dungeon Crawl Stone Soup version 0.32-a0-814-g0968bab981 (console) character file.

Game seed: 13152372389910456529

70610 jejorda2 the Spear-Bearer (level 15, -44/181 HPs)
             Began as a Gnoll Berserker on Mar 22, 2024.
             Was a High Priest of Trog.
             Annihilated by a titanic slime creature (76 damage)
             ... on level 14 of the Dungeon.
             The game lasted 00:57:17 (19917 turns).

jejorda2 the Spear-Bearer (Gnoll Berserker)        Turns: 19917, Time: 00:57:18

Health: -44/181    AC: 27    Str: 22    XL:     15   Next: 33%
Magic:  29/29      EV: 14    Int: 10    God:    Trog [*****.]
Gold:   1338       SH: 11    Dex: 12    Spells: 34/34 levels left

rFire   + + .        a - +9 demon trident {pain, rF+ rC+ Int+2}
rCold   + + .        N - +0 kite shield
rNeg    . . .        K - +1 plate armour {rPois}
rPois   +            i - +2 helmet {SInv}
rElec   .            V - +2 cloak {rF+}
rCorr   .            t - +0 pair of gloves
SInv    +            o - +1 pair of boots
Will    +....        W - amulet of regeneration Stlth
                     R - ring of protection from cold
HPRegen 1.30/turn    g - +5 ring of evasion
MPRegen 0.21/turn

%: no passive effects
@: berserking, very quick
A: fangs 1, strong nose, distributed training
a: Renounce Religion, Berserk, Trog's Hand, Brothers in Arms


You were on level 14 of the Dungeon.
You worshipped Trog.
Trog was extremely pleased with you.
You visited 2 branches of the dungeon, and saw 19 of its levels.
You also visited: Volcano.

You collected 1461 gold pieces.
You spent 123 gold pieces at shops.

Inventory:

Hand Weapons
 a - the +9 demon trident of Beogh's Condemnation (weapon) {pain, rF+ rC+ Int+2}
   (You acquired it on level 5 of the Lair of Beasts)

   Int+2:     It affects your intelligence (+2).
   rF+:       It protects you from fire.
   rC+:       It protects you from cold.
 b - the +11 hammer "Spiderbane" {elec, rPois rF+ Str+3 Stlth+}
   (You found it on level 4 of the Dungeon)

   Str+3:     It affects your strength (+3).
   rF+:       It protects you from fire.
   rPois:     It protects you from poison.
   Stlth+:    It makes you more stealthy.
 Q - a +4 trident of draining
Missiles
 A - 10 boomerangs (quivered)
 F - 26 poisoned darts
 I - 7 curare-tipped darts
 O - 4 javelins
Armour
 i - a +2 helmet of see invisible (worn)
 n - a +2 chain mail of cold resistance
 o - a +1 pair of boots (worn)
 t - a +0 pair of gloves (worn)
 K - a +1 plate armour of poison resistance (worn)
 N - a +0 kite shield (worn)
 V - a +2 cloak of fire resistance (worn)
Jewellery
 e - a ring of ice
 g - a +5 ring of evasion (right hand)
 p - a ring of protection from fire
 q - a ring of positive energy
 H - the ring of Ymmus {Fly rC- Will++ Dex+4}
   (You found it on level 6 of the Dungeon)

   [ring of flight]

   Dex+4:     It affects your dexterity (+4).
   rC-:       It makes you vulnerable to cold.
   Will++:    It greatly increases your willpower.
   Fly:       It grants you flight.
 R - a ring of protection from cold (left hand)
 W - an amulet of regeneration (around neck)
Wands
 f - a wand of paralysis (6)
 r - a wand of warping (19)
 w - a wand of flame (58)
 z - a wand of quicksilver (24)
 T - a wand of mindburst (8)
Scrolls
 m - a scroll of fear
 v - 4 scrolls of vulnerability
 y - a scroll of silence
 B - a scroll of enchant weapon
 G - 8 scrolls of teleportation
 L - a scroll of revelation
 P - 2 scrolls of immolation
 S - a scroll of identify
 U - 2 scrolls of fog
Potions
 c - 3 potions of ambrosia
 d - 4 potions of curing
 h - a potion of mutation
 j - 5 potions of heal wounds
 u - 3 potions of attraction
 x - 2 potions of lignification
 C - a potion of cancellation
 D - a potion of enlightenment
 E - 3 potions of resistance
 J - 2 potions of might
 M - 2 potions of invisibility
Miscellaneous
 k - a phial of floods
 l - a lightning rod (4/4)


   Skills:
 + Level 12.2 Fighting
 + Level 10.4 Short Blades
 + Level 10.4 Long Blades
 + Level 10.4 Axes
 + Level 10.4 Maces & Flails
 + Level 12.2 Polearms
 + Level 10.4 Staves
 + Level 10.4 Ranged Weapons
 + Level 10.4 Throwing
 + Level 11.3 Armour
 + Level 11.3 Dodging
 + Level 10.4 Stealth
 + Level 10.4 Shields
 + Level 10.4 Unarmed Combat
 + Level 10.4 Spellcasting
 + Level 8.7 Conjurations
 + Level 8.7 Hexes
 + Level 8.7 Summonings
 + Level 8.7 Necromancy
 + Level 8.7 Translocations
 + Level 8.7 Fire Magic
 + Level 8.7 Ice Magic
 + Level 8.7 Air Magic
 + Level 8.7 Earth Magic
 + Level 8.7 Alchemy
 + Level 11.3 Invocations
 + Level 10.4 Evocations
 + Level 9.5 Shapeshifting


You had 34 spell levels left.
You didn't know any spells.
Your spell library was empty.

Dungeon Overview and Level Annotations

Branches:
Dungeon (14/15)            Temple (0/1) D:4            Lair (5/5) D:10
 Shoals (0/4) Lair:3        Snake (0/4) Lair:2        Slime (0/5) Lair:4
    Orc (0/2) D:12         Vaults (0/5) D:13        Volcano (visited)

Altars:
Elyvilon
Fedhas
Makhleb
Nemelex Xobeh
Ru
Trog
Vehumet
Wu Jian
Yredelemnul
Zin

Shops:
D:7 ?   D:11 !


Innate Abilities, Weirdness & Mutations

You have very sharp teeth.
Your uncanny sense of smell can sniff out nearby items.
Your experience applies equally to all skills.


Message History

You puncture the large slime creature!
Your bite misses the large slime creature.
The large slime creature is heavily wounded.
Two slime creatures merge to form a very large slime creature.
You puncture the very large slime creature!
The very large slime creature is moderately wounded.
A slime creature comes into view.
The very large slime creature barely misses you.
You puncture the very large slime creature!
The very large slime creature is heavily wounded.
The very large slime creature hits you!!
Two slime creatures merge to form an enormous slime creature.
You puncture the enormous slime creature!
The enormous slime creature is moderately wounded.
A manticore comes into view.
A slime creature comes into view.
The slime creature quivers.
You puncture the enormous slime creature!
You bite the enormous slime creature.
The enormous slime creature is heavily wounded.
You puncture the enormous slime creature!
Your bite misses the enormous slime creature.
The enormous slime creature is heavily wounded.
Two slime creatures merge to form a titanic slime creature.
You impale the titanic slime creature!!
The titanic slime creature is heavily wounded.
The titanic slime creature hits you!!!!
Ouch! That really hurt!
* * * LOW HITPOINT WARNING * * *
You are too injured to fight recklessly!
You are too injured to fight recklessly!
You are too injured to fight recklessly!
A red film seems to cover your vision as you go berserk!
You feel yourself moving faster!
You feel mighty! The titanic slime creature misses you.
You puncture the titanic slime creature!
The titanic slime creature is heavily wounded.
You puncture the titanic slime creature!
The titanic slime creature is heavily wounded.
The titanic slime creature hits you!!!!
You die...

#.# #.# #.#
#.# #.# #.#
#.#
#.###########
#.#..@J......
#.#.###H.....
#.#.# .....
#.#.# #.#.
#.#.# ..
#.#.# . #.#.#
#.#.# #.#.#


You could see a titanic slime creature and a manticore.

Vanquished Creatures
  Gastronok (Lair:3)
  Nessos (D:14)
  The ghost of Griffin23 the Fencer, a journeyman MiFi of Okawaru (Lair:5)
  5 hydras
  Erolcha (D:9)
  Harold (D:9)
  8 vault guards (D:13)
  2 centaur warriors
  4 catoblepae
  3 two-headed ogres
  A boulder beetle (D:8)
  8 death yaks (Lair:5)
  Sonja (D:13)
  A hell knight (Volcano)
  A salamander mystic (Volcano)
  Amaemon (Lair:3)
  A lindwurm (Lair:4)
  3 deep elf pyromancers
  4 cyclopes
  3 manticores
  5 salamanders (Volcano)
  4 ugly things
  An oklob plant (D:10)
  3 elephants (Lair:2)
  25 slime creatures
  A gargoyle (Volcano)
  4 black mambas
  5 molten gargoyles (Volcano)
  A torpor snail (Lair:5)
  A rime drake (Lair:1)
  7 cane toads
  An orange demon (Lair:3)
  Jeremiah (D:9)
  2 efreet
  4 komodo dragons
  A troll (shapeshifter) (D:8)
  2 trolls
  2 hornets
  7 blink frogs
  A snapping turtle (Lair:3)
  3 shadows
  2 centaur simulacra (D:14)
  2 water elementals
  8 spriggans
  60 yaks
  4 wyverns
  4 wraiths
  A human (D:12)
  A hog (shapeshifter) (D:14)
  A basilisk (D:8)
  2 wargs (D:12)
  Edmund (D:4)
  7 vampire mosquitoes
  4 nagas (Lair:2)
  Duvessa (D:5)
  8 water moccasins
  2 black bears
  2 orc warriors
  2 sky beasts (D:6)
  2 ice beasts (D:7)
  4 wolves
  A boggart (Lair:5)
  7 centaurs
  4 kobold brigands
  7 bullfrogs
  2 scorpions
  Dowan (D:5)
  6 killer bees (D:9)
  5 howler monkeys
  An electric eel (Lair:3)
  20 jellies
  2 hounds (D:4)
  Crazy Yiuf (D:4)
  A bombardier beetle (D:4)
  2 gnoll boudas
  6 orc priests
  Jessica (D:3)
  Ijyb (D:4)
  5 iguanas
  11 orc wizards
  A sleepcap (D:5)
  10 adders
  11 gnolls
  A shadow imp (D:4)
  A dart slug (D:1)
  3 ribbon worms
  29 orcs
  4 ball pythons
  3 bats
  13 endoplasms
  4 giant cockroaches
  9 goblins
  7 hobgoblins
  3 jackals (D:3)
  29 kobolds
  6 quokkas
  7 frilled lizards
  8 rats
483 creatures vanquished.

Vanquished Creatures (collateral kills)
  A manticore (Lair:5)
  2 elephants (Lair:2)
  A blink frog (Lair:2)
  4 yaks (Lair:5)
8 creatures vanquished.

Vanquished Creatures (others)
  A cane toad (Lair:4)
1 creature vanquished.

Grand Total: 492 creatures vanquished

Notes
Turn   | Place    | Note
-------+----------+-------------------------------------------
     0 | D:1      | jejorda2 the Gnoll Berserker began the quest for the Orb.
     0 | D:1      | Reached XP level 1. HP: 23/23 MP: 1/1
   132 | D:1      | Reached XP level 2. HP: 28/29 MP: 2/2
   544 | D:1      | Reached ** piety under Trog
   576 | D:1      | Reached XP level 3. HP: 35/35 MP: 3/3
   776 | D:2      | Reached skill level 1 in Invocations
   827 | D:2      | Found a faded altar of an unknown god.
   895 | D:2      | Reached skill level 1 in Short Blades
   895 | D:2      | Reached skill level 1 in Long Blades
   895 | D:2      | Reached skill level 1 in Axes
   895 | D:2      | Reached skill level 1 in Maces & Flails
   895 | D:2      | Reached skill level 1 in Staves
   895 | D:2      | Reached skill level 1 in Ranged Weapons
   895 | D:2      | Reached skill level 1 in Throwing
   895 | D:2      | Reached skill level 1 in Stealth
   895 | D:2      | Reached skill level 1 in Shields
   895 | D:2      | Reached skill level 1 in Unarmed Combat
   895 | D:2      | Reached skill level 1 in Spellcasting
   895 | D:2      | Reached skill level 1 in Evocations
  1121 | D:2      | Reached skill level 1 in Shapeshifting
  1121 | D:2      | Reached XP level 4. HP: 24/41 MP: 5/5
  1288 | D:2      | Reached skill level 1 in Conjurations
  1288 | D:2      | Reached skill level 1 in Hexes
  1288 | D:2      | Reached skill level 1 in Summonings
  1288 | D:2      | Reached skill level 1 in Necromancy
  1288 | D:2      | Reached skill level 1 in Translocations
  1288 | D:2      | Reached skill level 1 in Fire Magic
  1288 | D:2      | Reached skill level 1 in Ice Magic
  1288 | D:2      | Reached skill level 1 in Air Magic
  1288 | D:2      | Reached skill level 1 in Earth Magic
  1288 | D:2      | Reached skill level 1 in Alchemy
  1856 | D:3      | Reached *** piety under Trog
  2099 | D:3      | Noticed Jessica
  2110 | D:3      | Killed Jessica
  2111 | D:3      | Reached XP level 5. HP: 43/47 MP: 5/7
  2661 | D:4      | Found a runed translucent door.
  2662 | D:4      | Noticed Crazy Yiuf
  2664 | D:4      | Identified the +3 hammer "Xedyfae" {flame, Str+4}
  2671 | D:4      | Killed Crazy Yiuf
  2672 | D:4      | Reached XP level 6. HP: 53/53 MP: 8/8
  2680 | D:4      | Identified the +11 hammer "Spiderbane" {elec, rPois rF+
                  | Str+3 Stlth+}
  2727 | D:4      | Reached skill level 5 in Armour
  2727 | D:4      | Reached skill level 5 in Dodging
  2913 | D:4      | Found a staircase to the Ecumenical Temple.
  2915 | D:4      | Noticed Ijyb
  2917 | D:4      | Noticed Edmund
  2950 | D:4      | Killed Ijyb
  2957 | D:4      | Killed Edmund
  2958 | D:4      | Reached XP level 7. HP: 51/60 MP: 10/10
  3224 | D:5      | Entered Level 5 of the Dungeon
  3376 | D:5      | Noticed Dowan
  3378 | D:5      | Noticed Duvessa
  3390 | D:5      | Killed Duvessa
  3390 | D:5      | Reached **** piety under Trog
  3404 | D:5      | Killed Dowan
  3519 | D:5      | Reached XP level 8. HP: 67/67 MP: 12/12
  3786 | D:5      | Found a sparkling altar of Nemelex Xobeh.
  3938 | D:6      | Identified the ring of Ymmus {Fly rC- Will++ Dex+4}
  4388 | D:6      | Noticed a slime creature
  4388 | D:6      | Noticed a slime creature
  4388 | D:6      | Noticed a slime creature
  4406 | D:6      | Killed a large slime creature
  4407 | D:6      | Reached XP level 9. HP: 35/74 MP: 13/15
  4915 | D:7      | Identified the +1 leather armour of a ziggurat {rN+ rCorr
                  | Str-4 Stlth+}
  4982 | D:7      | Found a sacrificial altar of Ru.
  5124 | D:7      | Reached skill level 5 in Invocations
  5214 | D:7      | Found Tylibu's Magic Scroll Emporium.
  5217 | D:7      | Bought a scroll of identify for 26 gold pieces
  5217 | D:7      | Bought a scroll of revelation for 97 gold pieces
  5262 | D:7      | Reached ***** piety under Trog
  5280 | D:7      | Found a blossoming altar of Fedhas.
  5426 | D:7      | Found a radiant altar of Vehumet.
  5520 | D:7      | Reached skill level 5 in Short Blades
  5520 | D:7      | Reached skill level 5 in Long Blades
  5520 | D:7      | Reached skill level 5 in Axes
  5520 | D:7      | Reached skill level 5 in Maces & Flails
  5520 | D:7      | Reached skill level 5 in Staves
  5520 | D:7      | Reached skill level 5 in Ranged Weapons
  5520 | D:7      | Reached skill level 5 in Throwing
  5520 | D:7      | Reached skill level 5 in Stealth
  5520 | D:7      | Reached skill level 5 in Shields
  5520 | D:7      | Reached skill level 5 in Unarmed Combat
  5520 | D:7      | Reached skill level 5 in Spellcasting
  5520 | D:7      | Reached skill level 5 in Evocations
  5846 | D:8      | Found an ornate altar of the Wu Jian Council.
  5856 | D:8      | Reached XP level 10. HP: 81/81 MP: 17/17
  5867 | D:8      | Received a gift from Trog
  5994 | D:8      | Noticed a two-headed ogre
  6002 | D:8      | Killed a two-headed ogre
  6107 | D:8      | Noticed a deep elf pyromancer
  6114 | D:8      | Killed a deep elf pyromancer
  6143 | D:8      | Reached skill level 5 in Shapeshifting
  6143 | D:8      | Noticed a green ugly thing
  6143 | D:8      | Noticed a two-headed ogre
  6160 | D:8      | Noticed a white ugly thing
  6167 | D:8      | Killed a white ugly thing
  6171 | D:8      | Killed a white ugly thing
  6180 | D:8      | Killed a two-headed ogre
  6193 | D:8      | Noticed a boulder beetle
  6390 | D:8      | Reached skill level 5 in Conjurations
  6390 | D:8      | Reached skill level 5 in Hexes
  6390 | D:8      | Reached skill level 5 in Summonings
  6390 | D:8      | Reached skill level 5 in Necromancy
  6390 | D:8      | Reached skill level 5 in Translocations
  6390 | D:8      | Reached skill level 5 in Fire Magic
  6390 | D:8      | Reached skill level 5 in Ice Magic
  6390 | D:8      | Reached skill level 5 in Air Magic
  6390 | D:8      | Reached skill level 5 in Earth Magic
  6390 | D:8      | Reached skill level 5 in Alchemy
  6390 | D:8      | Reached XP level 11. HP: 89/89 MP: 18/20
  6554 | D:8      | Killed a boulder beetle
  7144 | D:9      | Found a white marble altar of Elyvilon.
  7201 | D:9      | Found a basalt altar of Yredelemnul.
  7229 | D:9      | Noticed Harold
  7255 | D:9      | Killed Harold
  7267 | D:9      | Noticed Erolcha
  7290 | D:9      | Killed Erolcha
  7344 | D:9      | Found a burning altar of Makhleb.
  7483 | D:9      | Noticed Jeremiah
  7488 | D:9      | Killed Jeremiah
  7586 | D:9      | Found a bloodstained altar of Trog.
  7612 | D:10     | Entered Level 10 of the Dungeon
  7656 | D:10     | Found a glowing silver altar of Zin.
  7895 | D:10     | Noticed an oklob plant
  7936 | D:10     | Noticed a two-headed ogre
  7947 | D:10     | Killed a two-headed ogre
  7948 | D:10     | Reached XP level 12. HP: 97/97 MP: 22/22
  8126 | D:10     | Found a staircase to the Lair.
  8529 | D:10     | Identified the +9 whip of the Pit {speed, ^Fragile Int+6}
  8829 | D:11     | Reached skill level 10 in Fighting
  8829 | D:11     | Reached skill level 10 in Polearms
  9177 | D:11     | Found Odauh's Distillery.
 10010 | D:12     | Found a staircase to the Orcish Mines.
 10412 | Lair:1   | Entered Level 1 of the Lair of Beasts
 11176 | Lair:2   | Noticed a five-headed hydra
 11186 | Lair:2   | Killed a five-headed hydra
 11300 | Lair:2   | Noticed a seven-headed hydra
 11320 | Lair:2   | Killed a seven-headed hydra
 11321 | Lair:2   | Reached XP level 13. HP: 104/104 MP: 25/25
 11643 | Lair:2   | Found a staircase to the Snake Pit.
 12479 | Lair:3   | Noticed Gastronok
 12519 | Lair:3   | Killed Gastronok
 12809 | Lair:3   | Noticed Amaemon
 12830 | Lair:3   | Killed Amaemon
 12964 | Lair:3   | Found a staircase to the Shoals.
 13837 | Lair:4   | Found a dark tunnel.
 13848 | Lair:4   | Reached skill level 10 in Armour
 13848 | Lair:4   | Reached skill level 10 in Dodging
 13881 | Volcano  | Entered a volcano
 14448 | Volcano  | Noticed an orb of fire
 14909 | Volcano  | Noticed an orb of fire
 15014 | Volcano  | Reached skill level 10 in Invocations
 15014 | Volcano  | Reached XP level 14. HP: 113/113 MP: 27/27
 15770 | Lair:4   | Found a staircase to the Slime Pits.
 16552 | Lair:5   | Entered Level 5 of the Lair of Beasts
 16805 | Lair:5   | Found a runed translucent door.
 16807 | Lair:5   | Identified the +3 spear of Elezxom {speed, *Corrode rF+ rC+
                  | Will+ Stlth+}
 16807 | Lair:5   | Noticed Griffin23's ghost (journeyman MiFi)
 17959 | Lair:5   | Identified the +4 great sword of Victory {flame, rPois
                  | Str+3 SInv}
 18143 | Lair:5   | Killed Griffin23's ghost
 18160 | Lair:5   | Identified a scroll of acquirement
 18176 | Lair:5   | Acquired the +9 demon trident of Beogh's Condemnation
                  | {pain, rF+ rC+ Int+2}
 18445 | D:13     | Reached skill level 10 in Short Blades
 18445 | D:13     | Reached skill level 10 in Long Blades
 18445 | D:13     | Reached skill level 10 in Axes
 18445 | D:13     | Reached skill level 10 in Maces & Flails
 18445 | D:13     | Reached skill level 10 in Staves
 18445 | D:13     | Reached skill level 10 in Ranged Weapons
 18445 | D:13     | Reached skill level 10 in Throwing
 18445 | D:13     | Reached skill level 10 in Stealth
 18445 | D:13     | Reached skill level 10 in Shields
 18445 | D:13     | Reached skill level 10 in Unarmed Combat
 18445 | D:13     | Reached skill level 10 in Spellcasting
 18445 | D:13     | Reached skill level 10 in Evocations
 18739 | D:13     | Reached XP level 15. HP: 120/120 MP: 29/29
 19163 | D:13     | Noticed Sonja
 19180 | D:13     | Killed Sonja
 19314 | D:13     | Found a gate to the Vaults.
 19770 | D:14     | Noticed Nessos
 19780 | D:14     | Killed Nessos
 19917 | D:14     | Annihilated by a titanic slime creature

Illustrated notes

Levels and vault maps discovered:
D:1:      saegor_arrival_under_anarchy, layout_loops_ring, minmay_pentomino_w2
D:2:      layout_loops_ring, shapermc_ecumenical_altar_hornbeckon
D:3:      layout_basic, uniq_jessica
D:4:      layout_loops_ring, minmay_temple_entry_overgrown, kennysheep_doodads,
          chequers_serial_rivers_room_a, chequers_serial_rivers_large_a,
          uniq_crazy_yiuf_cottage, uniq_edmund, uniq_ijyb
D:5:      layout_loops_ring, mainiacjoe_overflow_alcove_1, uniq_duvessa
D:6:      cheibrodos_fertilizer, layout_loops_ring
D:7:      layout_loops_ring, mainiacjoe_overflow_boulevard,
          mainiacjoe_overflow_surrounded_room, lemuel_round_altar, serial_shops,
          kennysheep_mini
D:8:      minmay_cut_squares, layout_basic, overflow_temple_1_default
D:9:      layout_small_grid, kennysheep_ying_yang,
          mainiacjoe_overflow_big_doors, uniq_jeremiah, uniq_erolcha,
          uniq_harold
D:10:     layout_irregular_city, mainiacjoe_overflow_concentric_impassable,
          dpeg_oklobed_lair, serial_column_ruins, column_ruins_columns_straight,
          column_ruins_open_tiny, column_ruins_open_tiny, st_stairs_1,
          minmay_misc_feat_rugged, lemuel_flamethrower_2
D:11:     layout_basic, serial_shops, shop_statue
D:12:     layout_roguey, erik_orc_4, grunt_decor_arrowhead,
          chequers_serial_rivers_marsh
D:13:     layout_irregular_city, erik_vaults_2, feat_on_display, uniq_sonja
D:14:     layout_basic, moated_statue, serial_ice, serial_ice_b, serial_ice_f,
          serial_ice_a, serial_ice_m, uniq_louise, uniq_nessos
Lair:1:   layout_chaotic_city, nicolae_quartered_pool_impasse,
          infiniplex_staircase_pool
Lair:2:   layout_small_grid, minmay_snake_entry_guardpost_small
Lair:3:   layout_chaotic_city, minmay_shoals_entry_hut, fungi_pond_lemuel,
          cheibrodos_lair_caveside_slide, wad_woods_01, uniq_gastronok,
          uniq_amaemon
Lair:4:   layout_hall_layers, minmay_slime_entry_jelly_boxes,
          nicolae_volcano_entry_vermiform, amcnicky_mini_pool_medium
Lair:5:   evilmike_catoblepas_cave, layout_misc_corridors,
          ebering_ghost_funeral_grove

Skill      XL: |  1  2  3  4  5  6  7  8  9 10 11 12 13 14 15 |
---------------+----------------------------------------------+-----
Invocations    | 1 2 3 4 5 6 7 8 10 11 | 11.3
Short Blades   | 1 2 3 4 5 6 7 8 9 10 | 10.4
Long Blades    | 1 2 3 4 5 6 7 8 9 10 | 10.4
Axes           | 1 2 3 4 5 6 7 8 9 10 | 10.4
Maces & Flails | 1 2 3 4 5 6 7 8 9 10 | 10.4
Staves         | 1 2 3 4 5 6 7 8 9 10 | 10.4
Ranged Weapons | 1 2 3 4 5 6 7 8 9 10 | 10.4
Throwing       | 1 2 3 4 5 6 7 8 9 10 | 10.4
Stealth        | 1 2 3 4 5 6 7 8 9 10 | 10.4
Shields        | 1 2 3 4 5 6 7 8 9 10 | 10.4
Unarmed Combat | 1 2 3 4 5 6 7 8 9 10 | 10.4
Spellcasting   | 1 2 3 4 5 6 7 8 9 10 | 10.4
Evocations     | 1 2 3 4 5 6 7 8 9 10 | 10.4
Shapeshifting  | 1 2 3 4 5 6 7 8 9 |  9.5
Conjurations   | 1 2 3 4 5 6 7 8 |  8.7
Hexes          | 1 2 3 4 5 6 7 8 |  8.7
Summonings     | 1 2 3 4 5 6 7 8 |  8.7
Necromancy     | 1 2 3 4 5 6 7 8 |  8.7
Translocations | 1 2 3 4 5 6 7 8 |  8.7
Fire Magic     | 1 2 3 4 5 6 7 8 |  8.7
Ice Magic      | 1 2 3 4 5 6 7 8 |  8.7
Air Magic      | 1 2 3 4 5 6 7 8 |  8.7
Earth Magic    | 1 2 3 4 5 6 7 8 |  8.7
Alchemy        | 1 2 3 4 5 6 7 8 |  8.7
Armour         | 5 6 7 8 9 10 11 | 11.3
Dodging        | 5 6 7 8 9 10 11 | 11.3
Fighting       | 7 8 9 10 11 12 | 12.2
Polearms       | 7 8 9 10 11 12 | 12.2

Action                     |  1- 3 |  4- 6 |  7- 9 | 10-12 | 13-15 || total
---------------------------+-------+-------+-------+-------+-------++-------
  Melee: Spear             |   137 |   219 |       |       |       ||   356
         Bite              |     6 |    27 |    22 |    56 |   178 ||   289
         Mace              |       |    46 |   209 |   433 |   236 ||   924
         Demon whip        |       |       |       |       |   537 ||   537
         Demon trident     |       |       |       |       |   251 ||   251
  Throw: Boomerang         |       |       |     1 |    10 |    42 ||    53
         Dart              |       |       |     7 |    65 |    81 ||   153
         Javelin           |       |       |       |       |     1 ||     1
 Invoke: Trog's Hand       |       |     3 |       |     2 |     3 ||     8
         Berserk           |       |     1 |     1 |    11 |    25 ||    38
         Brothers in Arms  |       |       |       |       |     2 ||     2
  Evoke: Wand              |       |       |       |     5 |     9 ||    14
         Lightning rod     |       |       |       |     3 |     1 ||     4
         Phial of floods   |       |       |       |     1 |       ||     1
    Use: Scroll            |       |       |    18 |    10 |     7 ||    35
         Potion            |       |       |       |       |     2 ||     2
   Stab: Sleeping          |     1 |       |     2 |     2 |       ||     5
         Petrified         |       |       |       |       |    18 ||    18
         Paralysed         |       |       |       |       |     5 ||     5
 Armour: Animal skin       |     9 |       |       |       |       ||     9
         Leather armour    |    23 |       |       |       |       ||    23
         Ring mail         |     7 |   104 |    18 |       |       ||   129
         Chain mail        |       |       |   120 |   345 |    65 ||   530
         Plate armour      |       |       |       |       |   483 ||   483
         Crystal plate arm |       |       |       |       |    30 ||    30
  Dodge: Dodged            |    39 |   117 |   117 |   427 |   395 ||  1095
  Block: Buckler           |       |       |       |       |   137 ||   137
         Kite shield       |       |       |       |       |    43 ||    43

Table legend: (Time is in decaauts)
 A = Elapsed time spent in this place.
 B = Non-inter-level travel time spent in this place.
 C = Inter-level travel time spent in this place.
 D = Time resting spent in this place.
 E = Time spent auto-exploring this place.
 F = Levels seen in this place.
 G = Mean time per level.
                   A        B        C        D        E       F      G
               +--------+--------+--------+--------+--------+-----+--------+
         Total |  19973 |  19060 |    913 |   2009 |  13028 |  20 |  998.7 |
       Dungeon |  12067 |  11508 |    559 |    819 |   8154 |  14 |  861.9 |
          Lair |   6576 |   6222 |    354 |    680 |   4343 |   5 | 1315.2 |
       Volcano |   1329 |   1329 |      0 |    509 |    531 |   1 | 1329.0 |
               +--------+--------+--------+--------+--------+-----+--------+

Top non-repeatable levels by time:
  Lair:5: 1639 daAuts
  Lair:4: 1422 daAuts
  Lair:3: 1398 daAuts
  Lair:2: 1354 daAuts
 Volcano: 1329 daAuts
     D:8: 1150 daAuts
    D:13: 1131 daAuts
    D:10: 1101 daAuts
    D:12: 1069 daAuts
     D:7: 1033 daAuts
     D:6: 1023 daAuts
     D:4: 855 daAuts
     D:2: 854 daAuts
  Lair:1: 761 daAuts
     D:1: 757 daAuts
